 Dungeon Crawl Stone Soup version 0.21-a0-400-g417d9d2 (webtiles) character file.

363 NoRagrets the Magician (level 6, -1/32 HPs)
             Began as a Deep Elf Conjurer on Oct 20, 2017.
             Killed from afar by Sigmund (13 damage)
             ... with a puff of flame
             ... on level 3 of the Dungeon.
             The game lasted 00:06:54 (2601 turns).

NoRagrets the Magician (Deep Elf Conjurer)          Turns: 2601, Time: 00:06:54

Health: -1/32      AC:  4    Str:  5    XL:     6   Next: 39%
Magic:  14/17      EV: 14    Int: 22    God:
Gold:   149        SH:  0    Dex: 15    Spells: 17/18 levels left

rFire    . . .     SeeInvis .   d - +0 short sword
rCold    . . .     Gourm    .   (no shield)
rNeg     . . .     Faith    .   a - +1 robe
rPois    .         Spirit   .   (no helmet)
rElec    .         Reflect  .   (no cloak)
rCorr    .         Harm     .   s - +0 pair of gloves
MR       .....                  (no boots)
Stlth    ++........             e - amulet of inaccuracy (curse)
HPRegen  0.10/turn              (no ring)
MPRegen  0.15/turn              (no ring)

@: no status effects
A: no striking features
a: no special abilities


You were on level 3 of the Dungeon.
You were not hungry.

You visited 1 branch of the dungeon, and saw 3 of its levels.

You collected 149 gold pieces.

Inventory:

Hand Weapons
 d - a +0 short sword (weapon)
Armour
 a - a +1 robe (worn)
 s - a +0 pair of gloves (worn)
Jewellery
 e - a cursed amulet of inaccuracy (around neck)
 m - a cursed -3 ring of strength {unknown}
 q - an uncursed ring of stealth {unknown}
Scrolls
 h - a scroll of enchant armour
 n - a scroll of identify {@r1}
 p - a scroll of teleportation
 r - a scroll of blinking
Potions
 f - a potion of degeneration {unknown}
 j - a potion of brilliance {unknown}
 k - a potion of curing {@q1}
 l - a potion of invisibility {unknown}
 o - a potion of agility
Books
 b - a book of Conjurations

   Spells                             Type                      Level
   a - Magic Dart                     Conjuration                  1
   b - Searing Ray                    Conjuration                  2
   c - Dazzling Spray                 Conjuration/Hexes            3
   d - Fulminant Prism                Conjuration/Hexes            4
   e - Force Lance                    Conjuration/Translocation    4
   f - Iskenderun's Mystic Blast      Conjuration                  4
Comestibles
 c - 5 bread rations
 g - 3 fruits
 i - a chunk of flesh


   Skills:
 + Level 4.5 Dodging
 - Level 2.4 Stealth
 * Level 6.8 Spellcasting
 + Level 5.7 Conjurations


You had 17 spell levels left.
You knew the following spells:

 Your Spells              Type           Power        Failure   Level  Hunger
a - Magic Dart            Conj           ####         1%          1    None


Dungeon Overview and Level Annotations

Branches:
Dungeon (3/15)

Altars:

Annotations:
D:3 Sigmund


Message History

Casting: Magic Dart
Confirm with . or Enter, or press ? or * to list all spells.
Aiming: Magic Dart
Press: ? - help, Shift-Dir - straight line, f/p - Sigmund
Aim: Sigmund, wielding a scythe, wearing a robe and carrying a wand of paralysis (?/24) {zapped: 1} (severely wounded)
The magic dart hits Sigmund.
Sigmund is almost dead.
Sigmund zaps a wand.
You suddenly lose the ability to move!
Sigmund gestures wildly while chanting.
Sigmund flickers and vanishes!
Deactivating autopickup; reactivate with Ctrl-A.
Something hits you.
You hear some strange, mumbled words.
A puff of flame appears from out of thin air!
The puff of flame hits you! Something hits you.
You can move again.
A puff of flame appears from out of thin air!
The puff of flame hits you!
You die...

###.# #.# #.# #?# #.#
#.# #.# #.# #.# #.# #.#
#.# #.# #.####### #.#
#.##....##........ #.#
#@##.####......... #.#
######.....##..........
###.#
#..........#...........
#...#
#.########.#...........
#.### #.####
#.#.......#..# #.#
.....# #.'.......(≈≈.
#.# #.##.#
#.'........≈≈. #.#
#.##.## ###.......#.)#
#.# ##.#...#
#.......)...


There were no monsters in sight!

Vanquished Creatures
  Grinder (D:3)
  An orc wizard (D:3)
  A worker ant (D:3)
  6 adders
  An ooze (D:2)
  A worm (D:2)
  A dart slug (D:2)
  5 orcs
  4 giant cockroaches
  9 goblins
  6 hobgoblins
  3 jackals
  A quokka (D:3)
  4 bats
  3 frilled lizards (D:2)
  4 kobolds
  6 rats
57 creatures vanquished.

Notes
Turn   | Place    | Note
-------+----------+-------------------------------------------
     0 | D:1      | NoRagrets the Deep Elf Conjurer began the quest for the Orb.
     0 | D:1      | Reached XP level 1. HP: 10/10 MP: 6/6
    98 | D:1      | Reached XP level 2. HP: 15/15 MP: 4/8
   510 | D:2      | Reached skill level 4 in Spellcasting
   511 | D:2      | Reached XP level 3. HP: 17/19 MP: 1/10
  1068 | D:2      | Reached XP level 4. HP: 24/24 MP: 9/12
  1727 | D:3      | Reached skill level 5 in Spellcasting
  1727 | D:3      | Reached skill level 5 in Conjurations
  1775 | D:3      | Noticed Sigmund
  2125 | D:3      | Reached XP level 5. HP: 26/28 MP: 0/14
  2277 | D:3      | Noticed Grinder
  2319 | D:3      | Paralysed by Grinder for 6 turns
  2328 | D:3      | Paralysed by Grinder for 5 turns
  2334 | D:3      | Killed Grinder
  2334 | D:3      | Reached skill level 6 in Spellcasting
  2334 | D:3      | Reached XP level 6. HP: 16/32 MP: 1/17
  2589 | D:3      | Paralysed by Sigmund for 2 turns
  2592 | D:3      | Paralysed by Sigmund for 7 turns
  2601 | D:3      | Killed from afar by Sigmund

Vault maps used:
D:1:      minmay_arrival_checkered_box
D:2:      first_bread, kennysheep_generic_room_16
D:3:      kennysheep_big_flooded_room, nrook_mini_backslash, uniq_sigmund,
          uniq_grinder

Skill      XL: |  1  2  3  4  5 |
---------------+----------------+-----
Spellcasting   | 4 5 6 |  6.8
Dodging        | 3 4 |  4.5
Conjurations   | 5 |  5.7
Stealth        | |  2.4

Action                   |  1- 3 |  4- 6 || total
-------------------------+-------+-------++-------
Melee: Unarmed           |     5 |     6 ||    11
 Cast: Magic Dart        |    62 |    94 ||   156
  Use: Scroll            |     4 |     2 ||     6
  Eat: Chunk             |       |     2 ||     2
       Bread ration      |       |     1 ||     1
Armor: Robe              |     2 |     7 ||     9
Dodge: Dodged            |     8 |    36 ||    44

Table legend:
 A = Spawn XP
 B = Non-spawn XP
 C = Spawn XP percentage of total XP
 D = Spawn monster count
 E = Non-spawn monster count
 F = Spawn count percentage of total count
 G = Total turns spent on level
                    A         B        C        D         E        F      G
               +---------+---------+-------+---------+---------+-------+---------
         Total |       0 |     519 |   0.0 |       0 |      57 |   0.0 |  2601
               +---------+---------+-------+---------+---------+-------+---------
           D:1 |       0 |      25 |   0.0 |       0 |      16 |   0.0 |   497
           D:2 |       0 |     101 |   0.0 |       0 |      27 |   0.0 |  1488
           D:3 |       0 |     393 |   0.0 |       0 |      14 |   0.0 |   616
               +---------+---------+-------+---------+---------+-------+---------
